 Dungeon Crawl Stone Soup version 0.30-a0-622-gddc90eaa04 (webtiles) character file.

Game seed: 13987824263459049428

12702 funkygono the Thaumaturge (level 11, -4/55 HPs)
             Began as a Gargoyle Fire Elementalist on Jan 10, 2023.
             Was a Believer of Vehumet.
             Slain by a death knight
             ... wielding a +0 glaive
              (13 damage)
             ... on level 10 of the Dungeon.
             The game lasted 00:21:10 (14371 turns).

funkygono the Thaumaturge (GrFE)                   Turns: 14371, Time: 00:21:11

Health: -4/55      AC: 21    Str: 17    XL:     11   Next: 97%
Magic:  8/26       EV: 12    Int: 24    God:    Vehumet [**....]
Gold:   607        SH:  5    Dex: 10    Spells: 17/32 levels left

rFire   + . .      SeeInvis .    H - +4 flail (freeze)
rCold   . . .      Faith    .    (no shield)
rNeg    + + .      Spirit   .    B - +3 leather armour {rF+}
rPois   ∞          Reflect  +    E - +1 helmet {Int+3}
rElec   +          Harm     .    r - +1 cloak
rCorr   .          Rampage  .    h - +2 pair of gloves
Will    .....                    (no boots)
Stlth   ++                       p - amulet of reflection
HPRegen 0.29/turn                s - ring of positive energy
MPRegen 0.20/turn                D - +6 ring of strength

@: no status effects
A: sickness immunity, AC +8, negative energy resistance 1, electricity
resistance, torment resistance 1, petrification resistance
a: Renounce Religion


You were on level 10 of the Dungeon.
You worshipped Vehumet.
Vehumet was pleased with you.
You visited 2 branches of the dungeon, and saw 11 of its levels.

You collected 879 gold pieces.
You spent 272 gold pieces at shops.

Inventory:

Hand Weapons
 c - a +3 mace
 l - a +0 whip
 H - a +4 flail of freezing (weapon)
 I - a +1 whip of draining
Missiles
 y - 4 throwing nets
Armour
 a - a +1 robe
 h - a +2 pair of gloves (worn)
 r - a +1 cloak (worn)
 B - a +3 leather armour of fire resistance (worn)
 E - a +1 helmet of intelligence (worn)
 O - a +0 troll leather armour
 P - +0 acid dragon scales
Magical Staves
 t - a staff of cold
Jewellery
 p - an amulet of reflection (around neck)
 s - a ring of positive energy (left hand)
 u - an amulet of guardian spirit
 D - a +6 ring of strength (right hand)
Wands
 b - a wand of roots (10)
 e - a wand of polymorph (12)
 j - a wand of paralysis (22)
 J - a wand of mindburst (11)
 N - a wand of flame (9)
Scrolls
 d - 4 scrolls of blinking
 g - 2 scrolls of fog
 m - 4 scrolls of fear
 q - a scroll of enchant armour
 G - a scroll of identify
Potions
 f - 3 potions of haste
 i - 3 potions of lignification
 k - 2 potions of flight
 n - 3 potions of invisibility
 o - 2 potions of might
 v - a potion of mutation
 w - a potion of cancellation
 x - 7 potions of heal wounds
 z - 4 potions of attraction
 A - 2 potions of brilliance
 C - a potion of magic
 K - 4 potions of curing
Miscellaneous
 F - a piece from Xom's chessboard (15/15)
 L - a phantom mirror


   Skills:
 + Level 0.7 Fighting
 + Level 2.9 Maces & Flails
 + Level 3.6 Armour
 + Level 3.7 Dodging
 - Level 2.1 Stealth
 + Level 2.0 Shields
 + Level 11.0 Spellcasting
 + Level 8.8 Conjurations
 + Level 10.9 Fire Magic


You had 17 spell levels left.
You knew the following spells:

 Your Spells              Type           Power      Damage    Failure   Level
a - Foxfire               Conj/Fire      100%       2x1d9     1%          1
b - Scorch                Fire           100%       2d10      1%          2
c - Kindle Blastsparks    Fire/Tloc/Air  60%        2d15      3%          3
d - Flame Wave            Conj/Fire      57%        2d14      1%          4
e - Blink                 Tloc           26%        N/A       9%          2
f - Magic Dart            Conj           100%       1d8       1%          1
g - Searing Ray           Conj           100%       2d8       1%          2

Your spell library contained the following spells:

 Spells                   Type           Power      Damage    Failure   Level
 Momentum Strike          Conj/Tloc      68%        3d9       1%          2
 Inner Flame              Hex/Fire       39%        N/A       1%          3
 Lesser Beckoning         Tloc           26%        N/A       17%         3
 Freezing Cloud           Conj/Ice/Air   13%        6-21      43%         5
 Simulacrum               Ice/Necr       6%         N/A       100%        6
 Polar Vortex             Ice            6%         N/A       100%        9


Dungeon Overview and Level Annotations

Branches:
Dungeon (10/15)            Temple (1/1) D:7            Lair (0/5) D:8
    Orc: D:9-12

Altars:
Ashenzari
Cheibriados
Dithmenos
Elyvilon
Fedhas
Gozag
Hepliaklqana
Kikubaaqudgha
Makhleb
Nemelex Xobeh
Okawaru
Qazlal
Ru
Sif Muna
Trog
Uskayaw
Vehumet
Wu Jian
Xom
Yredelemnul
Zin
The Shining One

Shops:
D:3 *   D:4 [*(!=   D:6 *

Annotations:
D:4 2 transporters, Torious's ghost, amateur DECj


Innate Abilities, Weirdness & Mutations

You are immune to sickness and miasma.
Your stone body is resilient. (AC +8)
You are immune to poison.
You resist negative energy. (rN+)
You are resistant to electric shocks. (rElec)
You are resistant to unholy torment.
You are immune to petrification.


Message History

The flame wave engulfs the red ugly thing!
The red ugly thing resists.
The red ugly thing is moderately wounded.
The flame wave engulfs the death knight!
The death knight is lightly wounded.
You finish channelling waves of flame.
The death knight hits you from afar with a +0 glaive!
You block the red ugly thing's attack.
Unknown command.
Casting: Flame Wave (dangerous; 1% risk of failure)
Confirm with . or Enter, or press ? or * to list all spells.
Casting: Flame Wave (dangerous; 1% risk of failure)
Press: ? - help, Dir - look around, f - activate A wave of flame ripples out!
The flame wave engulfs the red ugly thing.
The red ugly thing resists.
The red ugly thing is heavily wounded. (Press . to intensify the flame waves.)
You block the death knight's attack.
The red ugly thing headbutts you but does no damage.
Unknown command.
A wave of flame ripples out!
The flame wave engulfs the red ugly thing.
The red ugly thing resists.
The red ugly thing is heavily wounded.
The flame wave engulfs the death knight!!
The death knight is moderately wounded.
The death knight hits you from afar with a +0 glaive!
* * * LOW HITPOINT WARNING * * *
The red ugly thing headbutts you but does no damage.
A wave of flame ripples out!
The flame wave engulfs the red ugly thing.
The red ugly thing resists.
The red ugly thing is heavily wounded.
The flame wave engulfs the death knight!
The death knight is heavily wounded.
You finish channelling waves of flame.
An eight-headed hydra comes into view.
The death knight hits you from afar with a +0 glaive!
You die...

#..# #.# #..## #..#
#..#######.#######...#####..#
#........................#..#
#..#####################.#..#
#..#.........#.........#....#
#..#.#.....#.#.#'###'#.#....#
#..#.#.....#.#.#.....#.#....#
###..#.#.....#.#.###'###.#.#..#
.....#.##...##('@))....'.#....#
.....#..#...#..#u###'###.#....#
###..#..##.##..#p#.....#.#....#
#.(##..###..##.#'###'#.#....#
#..###.....###.D.......#.##.#
#..# ###'#########c#####.##.#
#..# #.)##..# #.# #.##.#
#..###..##..## #.# #..#.#
#..#..##).##.# ... #..#.#


You could see a death knight, an eight-headed hydra and a red ugly thing.

Vanquished Creatures
  A centaur warrior (D:10)
  3 two-headed ogres
  Lodul (D:10)
  A cyclops (D:10)
  A manticore (D:10)
  Joseph (D:8)
  Maurice (D:10)
  2 unseen horrors
  A gargoyle (D:10)
  A komodo dragon (D:10)
  A troll (D:10)
  Grinder (D:5)
  A hornet (D:10)
  A shadow (D:10)
  6 wyverns (D:10)
  3 yaks
  Grum (D:10)
  A steam dragon (D:9)
  Menkaure (D:5)
  3 acid dragons (D:10)
  4 water moccasins
  2 orc warriors (D:9)
  2 sky beasts
  8 ogres (D:10)
  4 wolves (D:10)
  3 centaurs
  4 gnoll sergeants
  A kobold brigand (D:9)
  4 bullfrogs (D:7)
  2 necrophages (D:7)
  2 scorpions (D:5)
  9 wights
  A killer bee (D:10)
  3 jellies
  7 orc priests
  4 hounds
  Ijyb (D:5)
  3 gnoll boudas
  5 orc wizards
  An iguana (D:4)
  Natasha (twice) (D:3)
  A hound skeleton (D:7)
  32 gnolls
  8 adders
  2 white imps (D:7)
  6 worms
  4 dart slugs
  19 orcs
  6 endoplasms
  3 giant cockroaches
  10 goblins
  3 hobgoblins
  5 jackals
  6 quokkas
  5 ball pythons
  13 bats
  6 frilled lizards
  13 kobolds
  7 rats
253 creatures vanquished.

Vanquished Creatures (collateral kills)
  4 foxfires (D:5)
4 creatures vanquished.

Vanquished Creatures (others)
  964 foxfires
  3 fungi (D:8)
  8 plants
975 creatures vanquished.

Grand Total: 1232 creatures vanquished

Notes
Turn   | Place    | Note
-------+----------+-------------------------------------------
     0 | D:1      | funkygono the Gargoyle Fire Elementalist began the quest
                  | for the Orb.
     0 | D:1      | Reached XP level 1. HP: 10/10 MP: 3/3
   242 | D:1      | Reached XP level 2. HP: 15/15 MP: 3/5
   247 | D:1      | Learned a level 2 spell: Scorch
  1124 | D:2      | Reached XP level 3. HP: 19/19 MP: 4/6
  1330 | D:2      | Found a faded altar of an unknown god.
  1788 | D:2      | Reached XP level 4. HP: 24/24 MP: 0/7
  2487 | D:3      | Found Pikiytry's General Store.
  2575 | D:3      | Noticed Natasha
  2581 | D:3      | Killed Natasha
  2582 | D:3      | Reached skill level 3 in Spellcasting
  2748 | D:3      | Reached XP level 5. HP: 28/28 MP: 1/9
  2835 | D:3      | Found a snail-covered altar of Cheibriados.
  2840 | D:3      | Learned a level 3 spell: Kindle Blastsparks
  2845 | D:3      | Learned a level 4 spell: Flame Wave
  2981 | D:3      | Bought a scroll of identify for 22 gold pieces
  3133 | D:3      | Noticed Natasha
  3141 | D:3      | Killed Natasha
  3701 | D:4      | Found Jiruneing's General Store.
  3730 | D:4      | Found Bosoaru's Antique Armour Shoppe.
  3912 | D:4      | Noticed Torious's ghost (amateur DECj)
  3916 | D:4      | Found a transporter.
  4018 | D:4      | Reached XP level 6. HP: 32/32 MP: 6/11
  4077 | D:4      | Found a transporter.
  4521 | D:4      | Found Vivverr's Weapon Shop.
  4749 | D:4      | Found Yvvoroxt's Distillery.
  4856 | D:4      | Found Xoalaut's Jewellery Shoppe.
  4877 | D:4      | Reached skill level 4 in Spellcasting
  4920 | D:4      | Bought a potion of heal wounds for 55 gold pieces
  5180 | D:4      | Noticed a moth of wrath
  5183 | D:4      | Found a bloodstained altar of Trog.
  5304 | D:5      | Entered Level 5 of the Dungeon
  5317 | D:5      | Noticed Menkaure
  5324 | D:5      | Killed Menkaure
  5325 | D:5      | Reached skill level 5 in Fire Magic
  5325 | D:5      | Reached XP level 7. HP: 30/36 MP: 4/14
  5740 | D:5      | Reached skill level 5 in Spellcasting
  5899 | D:5      | Noticed Ijyb
  5911 | D:5      | Killed Ijyb
  6079 | D:5      | Found a shimmering blue altar of Sif Muna.
  6084 | D:5      | Found a broken altar of Ashenzari.
  6089 | D:5      | Found a sacrificial altar of Ru.
  6267 | D:5      | Noticed Grinder
  6273 | D:5      | Killed Grinder
  6274 | D:5      | Reached skill level 6 in Spellcasting
  6274 | D:5      | Reached XP level 8. HP: 41/41 MP: 7/17
  6369 | D:5      | Found a glowing silver altar of Zin.
  6369 | D:5      | Noticed an angel
  7237 | D:6      | Learned a level 2 spell: Blink
  7670 | D:6      | Found Buesa's Assorted Antiques.
  7969 | D:6      | Found the +8 orange crystal plate armour {Archmagi, Int+3
                  | Clar}
  8186 | D:7      | Found a burning altar of Makhleb.
  8196 | D:7      | Reached skill level 7 in Spellcasting
  8332 | D:7      | Reached skill level 1 in Maces & Flails
  8348 | D:7      | Reached skill level 1 in Armour
  8348 | D:7      | Reached XP level 9. HP: 45/45 MP: 13/19
  8510 | D:7      | Reached skill level 5 in Conjurations
  8771 | D:7      | Found a staircase to the Ecumenical Temple.
  8915 | Temple   | Entered the Ecumenical Temple
  8964 | Temple   | Became a worshipper of Vehumet
  9222 | D:7      | Found an opulent altar of Gozag.
  9431 | D:8      | HP: 1/45 [orc priest/divine providence (16)]
  9808 | D:8      | Reached * piety under Vehumet
  9808 | D:8      | Offered knowledge of Magic Dart by Vehumet.
  9812 | D:8      | Learned a level 1 spell: Magic Dart
  9962 | D:8      | Noticed Joseph
  9973 | D:8      | Killed Joseph
 10092 | D:8      | Found a shimmering altar of Xom.
 10122 | D:8      | Found a staircase to the Lair.
 10184 | D:8      | Reached skill level 8 in Spellcasting
 10247 | D:8      | Found a white marble altar of Elyvilon.
 10762 | D:4      | Bought a glowing helmet for 195 gold pieces
 10932 | D:9      | Noticed a two-headed ogre
 10944 | D:9      | Killed a two-headed ogre
 10945 | D:9      | Reached XP level 10. HP: 41/50 MP: 13/22
 11210 | D:9      | Killed an unseen horror
 11542 | D:9      | Reached skill level 9 in Spellcasting
 11682 | D:9      | Found a stormy altar of Qazlal.
 11913 | D:9      | Identified the +7 long sword of Salt {flame, Str+4}
 12287 | D:10     | Entered Level 10 of the Dungeon
 12358 | D:10     | Noticed a manticore
 12370 | D:10     | Killed a manticore
 12720 | D:10     | Found an ornate altar of the Wu Jian Council.
 12800 | D:10     | Noticed a gargoyle
 12808 | D:10     | Killed a gargoyle
 12809 | D:10     | Reached skill level 10 in Fire Magic
 12809 | D:10     | Reached XP level 11. HP: 55/55 MP: 15/24
 13024 | D:10     | Noticed Maurice
 13037 | D:10     | Killed Maurice
 13061 | D:10     | Noticed Grum
 13067 | D:10     | Killed Grum
 13072 | D:10     | Offered knowledge of Searing Ray by Vehumet.
 13076 | D:10     | Learned a level 2 spell: Searing Ray
 13215 | D:10     | Reached ** piety under Vehumet
 13216 | D:10     | Reached skill level 1 in Shields
 13423 | D:10     | Noticed a cyclops
 13429 | D:10     | Killed a cyclops
 13444 | D:10     | Reached skill level 10 in Spellcasting
 13611 | D:10     | Noticed Lodul
 13626 | D:10     | Killed Lodul
 13812 | D:10     | Noticed a two-headed ogre
 13818 | D:10     | Noticed a two-headed ogre
 13824 | D:10     | Killed a two-headed ogre
 13828 | D:10     | Killed a two-headed ogre
 13910 | D:10     | Noticed a centaur warrior
 13910 | D:10     | Noticed a red ugly thing
 13910 | D:10     | Noticed a boulder beetle
 13910 | D:10     | Noticed a manticore
 13910 | D:10     | Noticed a death knight
 14366 | D:10     | Killed a centaur warrior
 14367 | D:10     | Reached skill level 11 in Spellcasting
 14371 | D:10     | Noticed an eight-headed hydra
 14371 | D:10     | Slain by a death knight

Illustrated notes

Levels and vault maps discovered:
D:1:      scummos_arrival_hexagon, layout_loops_ring
D:2:      minmay_recursive_quarters, layout_loops_ring,
          hellmonk_ecumenical_altar_run_dry
D:3:      layout_loops_ring, kennysheep_slug_shrine, serial_shops,
          nicolae_shop_waterfront, uniq_natasha
D:4:      layout_basic, tgw_trog, serial_shops, nicolae_shop_window_shopping,
          shop, nicolae_shop_overgrown_old_shop, nicolae_shop_statue_plus,
          nicolae_shop_waterfront, gammafunk_ghost_mausoleum
D:5:      layout_basic, zin_angel, minmay_overflow_temple_star_quad,
          serial_bayou_crossing, uniq_grinder, uniq_ijyb, uniq_menkaure
D:6:      layout_cave_pools, serial_shops, nicolae_stop_n_shop_2,
          kennysheep_minor_cross, minmay_holes
D:7:      layout_loops_cross, mainiacjoe_overflow_alcove_1,
          makhleb_blood_cavern_becter, temple_hall
D:8:      layout_basic, elyvilon_altar_1, xom_butterflies, dpeg_oklobed_lair,
          hangedman_decor_riveting, uniq_joseph
D:9:      layout_gridville, lemuel_round_altar, minmay_fractal_squares_5
D:10:     layout_long_grid, mainiacjoe_overflow_catwalk, minmay_the_grid_2x2
          [minmay_the_grid_minigrid_medium, minmay_the_grid_large_cup,
          minmay_the_grid_doors, minmay_the_grid_prize_big_room], uniq_grum,
          uniq_lodul, uniq_maurice
Temple:   cyrus_temple_forest

Skill      XL: |  1  2  3  4  5  6  7  8  9 10 11 |
---------------+----------------------------------+-----
Fire Magic     | 4 5 6 7 8 10 | 10.9
Spellcasting   | 3 4 6 7 8 9 11 | 11.0
Conjurations   | 2 3 4 6 7 8 |  8.8
Dodging        | 2 3 |  3.7
Maces & Flails | 1 2 |  2.9
Armour         | 1 2 3 |  3.6
Shields        | 2 |  2.0
Fighting       | |  0.7
Stealth        | |  2.1

Action                   |  1- 3 |  4- 6 |  7- 9 | 10-12 || total
-------------------------+-------+-------+-------+-------++-------
Melee: Mace              |     1 |     5 |    32 |     1 ||    39
       Flail             |       |       |       |    35 ||    35
       Punch             |       |       |       |     1 ||     1
 Cast: Foxfire           |    69 |   140 |   196 |   166 ||   571
       Scorch            |     3 |    16 |    47 |    52 ||   118
       Flame Wave        |       |       |     4 |    15 ||    19
  Use: Scroll            |       |     6 |    14 |     5 ||    25
       Potion            |       |       |     1 |     1 ||     2
Armor: Robe              |     2 |    20 |     4 |       ||    26
       Leather armour    |       |       |    36 |    82 ||   118
Dodge: Dodged            |     8 |    32 |    49 |    75 ||   164
Block: Other             |       |       |    24 |    33 ||    57
       Reflection        |       |       |       |     1 ||     1

Table legend: (Time is in decaauts)
 A = Elapsed time spent in this place.
 B = Non-inter-level travel time spent in this place.
 C = Inter-level travel time spent in this place.
 D = Time resting spent in this place.
 E = Time spent auto-exploring this place.
 F = Levels seen in this place.
 G = Mean time per level.
                   A        B        C        D        E       F      G
               +--------+--------+--------+--------+--------+-----+--------+
         Total |  14413 |  13857 |    556 |    235 |  11467 |  11 | 1310.3 |
       Dungeon |  14322 |  13808 |    514 |    235 |  11429 |  10 | 1432.2 |
        Temple |     90 |     49 |     41 |      0 |     38 |   1 |   90.0 |
               +--------+--------+--------+--------+--------+-----+--------+

Top non-repeatable levels by time:
    D:10: 2092 daAuts
     D:5: 1923 daAuts
     D:4: 1658 daAuts
     D:2: 1454 daAuts
     D:7: 1447 daAuts
     D:9: 1305 daAuts
     D:3: 1238 daAuts
     D:8: 1170 daAuts
     D:6: 1019 daAuts
     D:1: 1012 daAuts
  Temple: 90 daAuts
